[Event "Blitz 2018"]
[Site "Saint-Petersburg"]
[Date "2018.12.30"]
[Round "17.47"]
[White "Smirnova Ekaterina (RUS)"]
[Black "Strutinskaia Galina (RUS)"]
[Result "0-1"]
[ECO "E00"]
[WhiteElo "1958"]
[BlackElo "2346"]
[PlyCount "130"]
[EventDate "2018.??.??"]
[TimeControl "240+20"]
[WhiteClock "0:00:10"]
[BlackClock "0:00:44"]

1. d4 e6 2. c4 Bb4+ 3. Nc3 f5 4. Qc2 Nf6 5. f3 Nc6 6. e3 O-O 7. Bd3 g6 8. Nge2
d5 9. Bd2 a6 10. a3 Bd6 11. c5 Be7 12. b4 e5 13. Qb2 e4 14. Bc2 Be6 15. f4 b6
16. O-O Rb8 17. cxb6 cxb6 18. Rac1 Bd6 19. b5 Na5 20. Bb3 Qe7 21. Nb1 axb5 22.
Ba2 Nc4 23. Qxb5 Nxd2 24. Nxd2 Bxa3 25. Rb1 Rfc8 26. Bb3 Kg7 27. Qa6 Bb4 28.
Rfd1 Qd6 29. Nf1 Ra8 30. Qb7+ Qc7 31. Qxc7+ Rxc7 32. Rdc1 Raa7 33. Rxc7+ Rxc7
34. Ba4 Ba5 35. Kf2 h6 36. h3 Kf7 37. g3 Ke7 38. Nc1 Bd7 39. Bxd7 Nxd7 40. Nb3
Rc2+ 41. Kg1 Ra2 42. Nxa5 Rxa5 43. Rb2 Kd6 44. Kf2 Ra1 45. Ke2 Kc6 46. g4 fxg4
47. hxg4 Nf6 48. g5 hxg5 49. fxg5 Nh7 50. Rc2+ Kb7 51. Nh2 Nxg5 52. Ng4 Ne6 53.
Nf6 Nc7 54. Kd2 Rf1 55. Ng4 Rg1 56. Nf2 g5 57. Kc3 g4 58. Rb2 g3 59. Nh3 Rc1+
60. Kb3 Re1 61. Nf4 Rxe3+ 62. Ka2 Rf3 63. Nxd5 Nxd5 64. Kb1 Rf1+ 65. Ka2 Rf2
0-1

[Event "Blitz 2018"]
[Site "Saint-Petersburg"]
[Date "2018.12.30"]
[Round "17.48"]
[White "Atalik Ekaterina (TUR)"]
[Black "Bulatova Kamaliya (RUS)"]
[Result "1-0"]
[ECO "A46"]
[WhiteElo "2300"]
[BlackElo "2046"]
[PlyCount "51"]
[EventDate "2018.??.??"]
[TimeControl "240+32"]
[WhiteClock "0:01:38"]
[BlackClock "0:00:12"]

1. d4 Nf6 2. Nf3 e6 3. g3 d5 4. Bg2 Be7 5. O-O O-O 6. c4 c6 7. Qc2 Ne4 8. Nbd2
f5 9. b3 Bf6 10. Bb2 Nd7 11. Rad1 Qe8 12. Ne5 Qh5 13. f3 Ng5 14. e4 Bxe5 15.
dxe5 dxe4 16. fxe4 Nh3+ 17. Kh1 fxe4 18. Nxe4 Rxf1+ 19. Rxf1 Ng5 20. Nd6 Qg6
21. Qf2 h5 22. h4 Nh7 23. Be4 Qg4 24. Qf7+ Kh8 25. Qe8+ Ndf8 26. Rxf8+ 1-0

[Event "Blitz 2018"]
[Site "Saint-Petersburg"]
[Date "2018.12.30"]
[Round "17.49"]
[White "Khomeriki Nino (GEO)"]
[Black "Nguyen Thi Mai Hung (VIE)"]
[Result "0-1"]
[ECO "A48"]
[WhiteElo "2299"]
[BlackElo "2253"]
[PlyCount "46"]
[EventDate "2018.??.??"]
[TimeControl "240+54"]
[WhiteClock "0:00:09"]
[BlackClock "0:00:35"]

1. d4 Nf6 2. Nf3 g6 3. c4 Bg7 4. Nc3 d5 5. cxd5 Nxd5 6. g3 O-O 7. Bg2 c5 8.
Nxd5 Qxd5 9. dxc5 Qxd1+ 10. Kxd1 Na6 11. c6 bxc6 12. Nd2 Be6 13. h4 Rab8 14. h5
Rfd8 15. a3 Bxb2 16. Rb1 Bd4 17. Rxb8 Nxb8 18. hxg6 hxg6 19. Ke1 Bc3 20. Rh4 c5
21. Ra4 Rd7 22. Be4 Bb3 23. Rb4 cxb4 0-1

[Event "Blitz 2018"]
[Site "Saint-Petersburg"]
[Date "2018.12.30"]
[Round "17.50"]
[White "Borisova Ekaterina (RUS)"]
[Black "Sviridova Vlada (RUS)"]
[Result "1-0"]
[ECO "D11"]
[WhiteElo "1997"]
[BlackElo "2204"]
[PlyCount "71"]
[EventDate "2018.??.??"]
[TimeControl "240+27"]
[WhiteClock "0:01:10"]
[BlackClock "0:00:05"]

1. d4 d5 2. c4 c6 3. Nf3 Nf6 4. g3 dxc4 5. Bg2 e6 6. O-O b5 7. Ne5 Bb7 8. b3
cxb3 9. Qxb3 Bd6 10. Bb2 O-O 11. Nc3 a6 12. Na4 Nbd7 13. Nd3 Rb8 14. Nac5 Nxc5
15. dxc5 Be7 16. Rad1 Qc8 17. Be5 Ra8 18. e4 Nd7 19. Bd4 Qc7 20. Qc3 Bf6 21. e5
Be7 22. f4 a5 23. Nf2 b4 24. Qc2 Ba6 25. Rfe1 Rfe8 26. Ne4 Nf8 27. Nd6 Red8 28.
Be4 g6 29. Qg2 Rac8 30. h3 Bb5 31. Kh2 Bxd6 32. exd6 Qd7 33. g4 Bc4 34. Qf2 f5
35. Bb1 a4 36. Ba1 1-0

[Event "Blitz 2018"]
[Site "Saint-Petersburg"]
[Date "2018.12.30"]
[Round "17.51"]
[White "Shafigullina Zarina (RUS)"]
[Black "Belenkaya Dina (RUS)"]
[Result "1-0"]
[ECO "D78"]
[WhiteElo "2088"]
[BlackElo "2122"]
[PlyCount "83"]
[EventDate "2018.??.??"]
[TimeControl "240+53"]
[WhiteClock "0:00:20"]
[BlackClock "0:00:04"]

1. d4 d5 2. Nf3 Nf6 3. g3 g6 4. Bg2 Bg7 5. O-O O-O 6. c4 c6 7. Ne5 Ng4 8. Nxg4
Bxg4 9. cxd5 cxd5 10. h3 Bf5 11. Qb3 Bxd4 12. Qxb7 Nd7 13. Qxd5 Qb6 14. Nc3
Rad8 15. Na4 Qb4 16. Nc3 Nc5 17. Qf3 e5 18. Nd5 Qb5 19. Ne7+ Kh8 20. Nxf5 gxf5
21. Qxf5 f6 22. Bh6 Rf7 23. Rad1 Re8 24. Qh5 Rfe7 25. b3 Qa6 26. Qf5 Rf7 27.
Bd5 Rd7 28. b4 Rxd5 29. bxc5 Rxc5 30. e3 e4 31. Qd7 Rg8 32. Rxd4 Rh5 33. Bf4
Qe2 34. Rxe4 Qf3 35. Re7 Rh6 36. Rc1 Rh5 37. Rc7 Qe4 38. Rg7 Qb1+ 39. Kh2 Rxh3+
40. Kxh3 Qh1+ 41. Kg4 Qd1+ 42. Qxd1 1-0

[Event "Blitz 2018"]
[Site "Saint-Petersburg"]
[Date "2018.12.30"]
[Round "17.52"]
[White "Sirotkina Nina (RUS)"]
[Black "Petrova Irina (UKR)"]
[Result "0-1"]
[ECO "D00"]
[WhiteElo "2122"]
[BlackElo "2038"]
[PlyCount "65"]
[EventDate "2018.??.??"]
[TimeControl "240+37"]
[WhiteClock "0:00:07"]
[BlackClock "0:01:32"]

1. d4 d5 2. Bf4 Nf6 3. e3 c5 4. c3 Nc6 5. Nf3 Bf5 6. dxc5 a5 7. Bb5 Bd7 8. O-O
e6 9. Bxc6 Bxc6 10. b4 Be7 11. Nbd2 O-O 12. a4 Bd7 13. Ne5 Qe8 14. Nxd7 Qxd7
15. Nf3 Ne4 16. Qb3 Bf6 17. Ne5 Bxe5 18. Bxe5 Nd2 19. Qc2 Nxf1 20. Kxf1 Rfc8
21. Bd6 axb4 22. Qb3 bxc3 23. Rb1 Qxa4 24. Qxa4 Rxa4 25. Ke2 c2 26. Rc1 Rc4 27.
Kd2 f6 28. f4 Kf7 29. Rxc2 Rxc2+ 30. Kxc2 b6 31. Kd3 bxc5 32. g3 c4+ 33. Kd4
0-1

[Event "Blitz 2018"]
[Site "Saint-Petersburg"]
[Date "2018.12.30"]
[Round "17.53"]
[White "Diakonova Ekaterina (RUS)"]
[Black "Komiagina Maria (RUS)"]
[Result "0-1"]
[ECO "B31"]
[WhiteElo "2025"]
[BlackElo "2143"]
[PlyCount "66"]
[EventDate "2018.??.??"]
[TimeControl "240+30"]
[WhiteClock "0:00:21"]
[BlackClock "0:00:49"]

1. e4 c5 2. Nf3 Nc6 3. Bb5 g6 4. c3 Bg7 5. O-O Nf6 6. e5 Nd5 7. d4 cxd4 8. cxd4
O-O 9. Nc3 Nxc3 10. bxc3 d5 11. Bxc6 bxc6 12. Ba3 Re8 13. Qa4 Qc7 14. Bc5 Bf5
15. Nd2 Bd3 16. Rfe1 f6 17. exf6 Bxf6 18. Re6 Qf4 19. Nf1 Be4 20. Ng3 Bf5 21.
Nxf5 gxf5 22. Qxc6 Rad8 23. Rae1 Kf7 24. Qb7 Rb8 25. Qxd5 Kg6 26. g3 Qd2 27.
Kg2 Rb2 28. Qf3 Rc2 29. R1e3 Rxa2 30. Rd3 Qc1 31. d5 Ra1 32. Qe3 Qh1+ 33. Kh3
Qf1# 0-1

[Event "Blitz 2018"]
[Site "Saint-Petersburg"]
[Date "2018.12.30"]
[Round "17.54"]
[White "Yurasova Daria (RUS)"]
[Black "Molchanova Tatjana (RUS)"]
[Result "0-1"]
[ECO "A46"]
[WhiteElo "1922"]
[BlackElo "2135"]
[PlyCount "82"]
[EventDate "2018.??.??"]
[TimeControl "240+77"]
[WhiteClock "0:00:04"]
[BlackClock "0:01:01"]

1. d4 Nf6 2. Nf3 d5 3. g3 c6 4. Bg2 Bf5 5. O-O h6 6. c4 e6 7. b3 Be7 8. Bb2 O-O
9. Nc3 Nbd7 10. Rc1 Ne4 11. Ne5 Nxc3 12. Bxc3 Nxe5 13. dxe5 dxc4 14. bxc4 Qxd1
15. Rfxd1 Rfd8 16. e4 Bg6 17. Rb1 b6 18. a4 Bc5 19. Kf1 Kf8 20. h3 Ke7 21. f4
f6 22. g4 fxe5 23. Bxe5 Bd6 24. Bxd6+ Rxd6 25. f5 exf5 26. exf5 Bf7 27. c5
Rxd1+ 28. Rxd1 bxc5 29. Bxc6 Rd8 30. Rb1 Kd6 31. Bg2 Rd7 32. h4 Ke5 33. Re1+
Kf4 34. Bc6 Rd2 35. Re4+ Kg3 36. g5 hxg5 37. hxg5 Bh5 38. Re7 c4 39. Bb5 c3 40.
Re3+ Bf3 41. Bc6 Rd1+ 0-1

[Event "Blitz 2018"]
[Site "Saint-Petersburg"]
[Date "2018.12.30"]
[Round "17.55"]
[White "Kirchei Viktoriia (RUS)"]
[Black "Utiatskaja Irina (RUS)"]
[Result "0-1"]
[WhiteElo "2005"]
[BlackElo "1918"]
[PlyCount "68"]
[EventDate "2018.??.??"]
[TimeControl "240+36"]
[WhiteClock "0:00:12"]
[BlackClock "0:00:46"]

1. d3 g6 2. g3 Bg7 3. Bg2 d5 4. Nd2 c6 5. e3 e5 6. Ne2 Ne7 7. O-O O-O 8. h3 f5
9. d4 Nd7 10. c3 e4 11. Nf4 Nf6 12. c4 g5 13. Nh5 Qe8 14. Nxg7 Kxg7 15. b4 h5
16. Kh1 Rh8 17. cxd5 cxd5 18. h4 gxh4 19. gxh4 Ng6 20. Rg1 Ng4 21. Qb3 Qe7 22.
Bh3 Qxh4 23. Rg3 Nxf2+ 24. Kg2 Nxh3 25. Rxh3 Qg4+ 26. Rg3 Qe2+ 27. Kh1 Be6 28.
b5 Kf6 29. Qb4 Qe1+ 30. Rg1 Qh4+ 31. Kg2 Rhg8 32. Kf1 Qh3+ 33. Kf2 Nh4 34. Ba3
Qh2+ 0-1

[Event "Blitz 2018"]
[Site "Saint-Petersburg"]
[Date "2018.12.30"]
[Round "17.56"]
[White "Dumcheva Julia (RUS)"]
[Black "Geller Anastasiya (RUS)"]
[Result "1-0"]
[ECO "C42"]
[WhiteElo "2103"]
[BlackElo "2112"]
[PlyCount "107"]
[EventDate "2018.??.??"]
[TimeControl "240+47"]
[WhiteClock "0:00:10"]
[BlackClock "0:00:04"]

1. e4 e5 2. Nf3 Nf6 3. Nxe5 Qe7 4. Nf3 Nxe4 5. Be2 d5 6. O-O Be6 7. d3 Nf6 8.
d4 Nbd7 9. Re1 h6 10. c4 O-O-O 11. c5 g5 12. Qa4 Kb8 13. Nc3 Ne4 14. Bd3 c6 15.
Nxe4 dxe4 16. Bxe4 Nf6 17. Bc2 Bg7 18. Ne5 Nd5 19. Bd2 Nc7 20. Ba5 Bxe5 21.
Rxe5 Rd7 22. Rae1 Rhd8 23. Bc3 Nd5 24. Bf5 Qf6 25. Bxe6 fxe6 26. Rxe6 Qf4 27.
Qd1 Qf5 28. R6e5 Qf7 29. Qg4 Nf4 30. R5e3 a6 31. Qg3 Ka8 32. Qf3 Qxa2 33. g3
Nd5 34. Re8 Nxc3 35. Rxd8+ Rxd8 36. bxc3 Qd2 37. Rb1 Qc2 38. Rb4 Re8 39. Qf7
Re1+ 40. Kg2 Qe4+ 41. Kh3 Qe7 42. Qxe7 Rxe7 43. f4 gxf4 44. gxf4 Re3+ 45. Kg4
Kb8 46. f5 Kc7 47. Rb3 Re2 48. h4 Rf2 49. Rb1 a5 50. Ra1 b6 51. cxb6+ Kxb6 52.
c4 h5+ 53. Kg5 Ka6 54. f6 1-0

[Event "Blitz 2018"]
[Site "Saint-Petersburg"]
[Date "2018.12.30"]
[Round "17.57"]
[White "Makarenko Alexandra (RUS)"]
[Black "Tevzadze Mariam (GEO)"]
[Result "0-1"]
[ECO "B07"]
[WhiteElo "2065"]
[BlackElo "2082"]
[PlyCount "82"]
[EventDate "2018.??.??"]
[TimeControl "240+48"]
[BlackClock "0:00:14"]

1. e4 d6 2. d4 Nf6 3. Nc3 Nbd7 4. f4 c5 5. d5 g6 6. Nf3 Bg7 7. Bd3 a6 8. a4 O-O
9. O-O Ne8 10. Qe1 Rb8 11. a5 b5 12. axb6 Nxb6 13. Na4 c4 14. Be2 Nxa4 15. Rxa4
Qb6+ 16. Qf2 Qxf2+ 17. Kxf2 Bxb2 18. Bxc4 Nf6 19. Bd3 Bxc1 20. Rxc1 Bd7 21.
Rxa6 Rb4 22. Ra7 Rd8 23. c4 Kf8 24. h3 Rb3 25. Ke2 Nh5 26. Bc2 Rc3 27. Kd2 Rxc4
28. Ke3 Bb5 29. g4 Rc3+ 30. Kf2 Nxf4 31. Raa1 Rdc8 32. Ne1 Nd3+ 33. Nxd3 Bxd3
34. Bxd3 Rxc1 35. Rxc1 Rxc1 36. Ke2 Rh1 37. Bb5 Rxh3 38. Bd7 Rg3 39. Kf2 Rc3
40. Ke2 Kg7 41. Kf2 Kf6 0-1

[Event "Blitz 2018"]
[Site "Saint-Petersburg"]
[Date "2018.12.30"]
[Round "17.58"]
[White "Belova Olga (RUS)"]
[Black "Iljushina Olga (RUS)"]
[Result "1-0"]
[ECO "B31"]
[WhiteElo "2059"]
[BlackElo "2093"]
[PlyCount "77"]
[EventDate "2018.??.??"]
[TimeControl "240+20"]
[WhiteClock "0:00:40"]
[BlackClock "0:01:41"]

1. e4 c5 2. Nf3 Nc6 3. Bb5 g6 4. Bxc6 dxc6 5. d3 Bg7 6. h3 Nh6 7. O-O O-O 8.
Nc3 f6 9. Be3 b6 10. d4 cxd4 11. Nxd4 Bd7 12. Nce2 e5 13. Nb3 Be6 14. f4 Nf7
15. f5 gxf5 16. exf5 Bd5 17. Qe1 Kh8 18. Rd1 Qc8 19. Qh4 Nd6 20. Ng3 Rg8 21.
Nd2 b5 22. b3 c5 23. c4 bxc4 24. bxc4 Nxc4 25. Nxc4 Bxc4 26. Qxc4 Bf8 27. Kh2
Rb8 28. Rb1 Rb6 29. Rxb6 axb6 30. Ne4 Qb7 31. Rf2 b5 32. Qc2 c4 33. Nxf6 Rg7
34. Ng4 Re7 35. f6 Re8 36. f7 Re7 37. Qf5 b4 38. Qf6+ Bg7 39. f8=Q# 1-0

[Event "Blitz 2018"]
[Site "Saint-Petersburg"]
[Date "2018.12.30"]
[Round "17.59"]
[White "Stetsko Lanita (BLR)"]
[Black "Doan Thi Van Anh (VIE)"]
[Result "1-0"]
[ECO "B15"]
[WhiteElo "2086"]
[BlackElo "2060"]
[PlyCount "85"]
[EventDate "2018.??.??"]
[TimeControl "240+29"]
[WhiteClock "0:00:58"]
[BlackClock "0:00:10"]

1. e4 c6 2. d4 d5 3. Nd2 dxe4 4. Nxe4 Nf6 5. Nxf6+ exf6 6. c3 Bd6 7. Bd3 O-O 8.
Ne2 Na6 9. Qc2 g6 10. Bh6 Re8 11. O-O-O c5 12. Bxa6 bxa6 13. dxc5 Bf5 14. Rxd6
Bxc2 15. Rxd8 Raxd8 16. Be3 Be4 17. Rg1 a5 18. Nd4 Rc8 19. Nb5 Rb8 20. Nd6 Re7
21. Nxe4 Rxe4 22. Rd1 Rb7 23. Rd6 Kg7 24. Ra6 a4 25. Kc2 g5 26. b3 axb3+ 27.
axb3 h6 28. b4 f5 29. Bd4+ Kh7 30. Kd3 Re1 31. c6 Rc7 32. b5 Rb1 33. Kc4 Rg1
34. Rxa7 Rc8 35. c7 Rxg2 36. b6 Rxh2 37. Rb7 g4 38. Rb8 f4 39. Rxc8 g3 40. fxg3
fxg3 41. Rd8 g2 42. c8=Q Rh4 43. Qf5# 1-0

[Event "Blitz 2018"]
[Site "Saint-Petersburg"]
[Date "2018.12.30"]
[Round "17.60"]
[White "Tomashevskaya Lidia (RUS)"]
[Black "Loskutova Viktoriya (RUS)"]
[Result "1-0"]
[ECO "B23"]
[WhiteElo "1958"]
[BlackElo "1923"]
[PlyCount "51"]
[EventDate "2018.??.??"]
[TimeControl "240+58"]
[WhiteClock "0:00:57"]
[BlackClock "0:00:51"]

1. e4 c5 2. Nc3 g6 3. g3 Bg7 4. Bg2 Nc6 5. d3 e6 6. Be3 d6 7. Nge2 a6 8. Qd2
Rb8 9. O-O Nge7 10. Bh6 O-O 11. Bxg7 Kxg7 12. f4 b5 13. Nd1 a5 14. c3 b4 15.
Kh1 a4 16. Ne3 bxc3 17. Qxc3+ Kg8 18. Ng4 e5 19. f5 Qa5 20. Qc1 f6 21. Qh6 Rxb2
22. Nxf6+ Rxf6 23. fxg6 Nxg6 24. Rxf6 Rxe2 25. Raf1 Qd8 26. Rf7 1-0

[Event "Blitz 2018"]
[Site "Saint-Petersburg"]
[Date "2018.12.30"]
[Round "17.61"]
[White "Kosteniuk Oksana (RUS)"]
[Black "Maroroa Sue (ENG)"]
[Result "0-1"]
[ECO "A05"]
[WhiteElo "1998"]
[BlackElo "2026"]
[PlyCount "136"]
[EventDate "2018.??.??"]
[TimeControl "240+30"]
[WhiteClock "0:00:07"]
[BlackClock "0:00:52"]

1. Nf3 Nf6 2. g3 g6 3. Bg2 Bg7 4. d3 O-O 5. e4 d6 6. O-O c5 7. c3 Nc6 8. Be3 b5
9. a3 a5 10. Nbd2 Bb7 11. Qc2 b4 12. axb4 axb4 13. Nc4 Qc7 14. Nfd2 Ng4 15. h3
Nxe3 16. Nxe3 e6 17. Kh2 Rxa1 18. Rxa1 Ra8 19. Rxa8+ Bxa8 20. Qa4 Bb7 21. Nb1
Ne5 22. d4 cxd4 23. cxd4 Nd3 24. Qc2 Qxc2 25. Nxc2 Nxf2 26. Nxb4 Bxd4 27. b3
Bxe4 28. Nd2 Bxg2 29. Kxg2 Bc3 30. Kxf2 Bxd2 31. Nc6 Kf8 32. b4 Ke8 33. b5 Kd7
34. g4 Kc7 35. Ke2 Bg5 36. Kd3 Kb6 37. Kc4 d5+ 38. Kb4 e5 39. Nxe5 f6 40. Nd7+
Kc7 41. Nc5 Be3 42. Ne6+ Kd6 43. Nf8 f5 44. gxf5 gxf5 45. Nxh7 Bc5+ 46. Kc3 Ke5
47. h4 f4 48. Kd3 f3 49. h5 Kf5 50. b6 Bxb6 51. Nf8 Kg5 52. Nd7 Bg1 53. Ne5 f2
54. Ke2 Kxh5 55. Nf3 Kg4 56. Ne5+ Kf4 57. Nd3+ Kg3 58. Kf1 d4 59. Ne5 Kf4 60.
Nd3+ Ke3 61. Ne5 d3 62. Ng4+ Kf3 63. Ne5+ Ke4 64. Nc4 Kd4 65. Nd2 Kc3 66. Ne4+
Kc2 67. Nc5 d2 68. Ke2 d1=Q+ {Ke1} 0-1